 Dungeon Crawl Stone Soup version 0.29-a0-369-gd956c00756 (webtiles) character file.

Game seed: 11863469552016409939

31 croobank the Covert (level 3, 0/35 HPs)
             Began as a Gnoll Delver on May 1, 2022.
             Killed from afar by an orc wizard (8 damage)
             ... with a puff of flame
             ... on level 2 of the Dungeon.
             The game lasted 00:02:07 (412 turns).

croobank the Covert (Gnoll Delver)                   Turns: 412, Time: 00:02:14

Health: 0/35       AC:  3    Str: 13    XL:     3   Next: 22%
Magic:  3/4        EV: 13    Int:  9    God:
Gold:   27         SH:  0    Dex: 13    Spells: 3/3 levels left

rFire   . . .      SeeInvis .   a - +0 hand axe
rCold   . . .      Faith    .   (no shield)
rNeg    + . .      Spirit   .   b - +0 leather armour
rPois   .          Reflect  .   (no helmet)
rElec   .          Harm     .   (no cloak)
rCorr   .          Rampage  .   (no gloves)
Will    .....                   (no boots)
Stlth   ++++......              (no amulet)
HPRegen 0.11/turn               d - ring of positive energy
MPRegen 0.09/turn               (no ring)

@: no status effects
A: fangs 1, strong nose, distributed training
a: no special abilities


You were on level 2 of the Dungeon.
You visited 1 branch of the dungeon, and saw 4 of its levels.

You collected 27 gold pieces.

Inventory:

Hand Weapons
 a - a +0 hand axe (weapon)
 e - a +0 dagger
Armour
 b - a +0 leather armour (worn)
Jewellery
 d - a ring of positive energy (left hand)
Wands
 g - a wand of digging (3)
Scrolls
 c - a scroll of fog


   Skills:
 + Level 6.5 Fighting
 + Level 0.7 Short Blades
 + Level 0.7 Long Blades
 + Level 4.5 Axes
 + Level 0.7 Maces & Flails
 + Level 0.7 Polearms
 + Level 0.7 Staves
 + Level 0.7 Slings
 + Level 0.7 Bows
 + Level 0.7 Crossbows
 + Level 0.7 Throwing
 + Level 0.7 Armour
 + Level 4.5 Dodging
 + Level 9.5 Stealth
 + Level 0.7 Shields
 + Level 0.7 Unarmed Combat
 + Level 0.7 Spellcasting
 + Level 0.5 Conjurations
 + Level 0.5 Hexes
 + Level 0.5 Summonings
 + Level 0.5 Necromancy
 + Level 0.5 Translocations
 + Level 0.5 Transmutations
 + Level 0.5 Fire Magic
 + Level 0.5 Ice Magic
 + Level 0.5 Air Magic
 + Level 0.5 Earth Magic
 + Level 0.5 Poison Magic
 + Level 0.9 Invocations
 + Level 0.7 Evocations


You had 3 spell levels left.
You didn't know any spells.
Your spell library contained the following spells:

 Spells                   Type           Power      Damage    Failure   Level
 Gell's Gravitas          Tloc           1%         N/A       75%         3
 Teleport Other           Tloc           1%         N/A       75%         3
 Dispersal                Tloc           0%         N/A       100%        6


Dungeon Overview and Level Annotations

Branches:
Dungeon (5/15)
 Temple: D:4-7

Altars:

Annotations:
D:4 Pikel


Innate Abilities, Weirdness & Mutations

You have very sharp teeth.
Your uncanny sense of smell can sniff out nearby items.
Your experience applies equally to all skills.


Message History

You kill the orc!
Found a scroll of fear.
Found 12 gold pieces.
Found a stone staircase leading down.
The orc shouts!
The orc wizard shouts!
A bat comes into view.
A hobgoblin comes into view.
The orc wizard completely misses you. The goblin misses you.
The orc shouts!
There is a stone staircase leading up here.
You hit the orc wizard but do no damage.
You hit the goblin but do no damage. The goblin closely misses you.
The orc wizard points at you and mumbles some strange words.
The puff of flame hits you. The goblin hits you with a +0 dagger.
You hit the bat but do no damage. You closely miss the goblin.
You barely miss the orc wizard. The bat closely misses you.
The orc wizard hits you with a +0 dagger.
The goblin barely misses you.
The orc wizard hits you with a +0 dagger.
The hobgoblin hits you. The goblin barely misses you.
You climb upwards.
There is a stone staircase leading down here.
You hit the orc wizard.
The orc wizard is moderately wounded.
You hit the goblin. You hit the hobgoblin but do no damage.
The hobgoblin closely misses you. The goblin barely misses you.
The orc wizard misses you.
You completely miss the orc wizard.
You bite the orc wizard, but do no damage.
The orc wizard is moderately wounded.
You hit the goblin but do no damage. You hit the hobgoblin.
The hobgoblin hits you. The goblin closely misses you.
The orc wizard casts a spell at you. The magic dart hits you!
You hit the orc wizard.
The orc wizard is moderately wounded.
You closely miss the goblin. You barely miss the hobgoblin.
The hobgoblin hits you. The goblin hits you with a +0 dagger.
* * * LOW HITPOINT WARNING * * *
The orc wizard casts a spell at you. The puff of flame hits you!
You die...

.... .... ...
... #.. ..# #
..#..# #
#.##....#.#..
.........
#g.g.# #.@#
.......o#
#.##.#..#
#∆#..# #...
.... ####


You could see an orc wizard, a hobgoblin and a goblin.

Vanquished Creatures
  2 adders
  An orc (D:3)
  An endoplasm (D:3)
  A giant cockroach (D:3)
  A goblin (D:3)
  3 hobgoblins (D:3)
  A quokka (D:3)
  A frilled lizard (D:3)
11 creatures vanquished.

Notes
Turn   | Place    | Note
-------+----------+-------------------------------------------
     0 | D:5      | Reached skill level 9 in Stealth
     0 | D:5      | croobank the Gnoll Delver began the quest for the Orb.
     0 | D:5      | Reached XP level 1. HP: 23/23 MP: 1/1
    28 | D:5      | Noticed a howler monkey
    43 | D:5      | Noticed a jelly
    77 | D:5      | Reached XP level 2. HP: 20/29 MP: 2/2
   177 | D:4      | Noticed Pikel
   177 | D:4      | Noticed a lemure
   178 | D:4      | Noticed a lemure
   180 | D:4      | Noticed a lemure
   181 | D:4      | Noticed a lemure
   198 | D:3      | Reached XP level 3. HP: 26/35 MP: 3/3
   412 | D:2      | Killed from afar by an orc wizard

Illustrated notes

Levels and vault maps discovered:
D:2:      layout_basic, uniq_sigmund, uniq_terence
D:3:      layout_rooms
D:4:      layout_basic, overflow_temple_1_default, ebering_ghost_disaster_area,
          grunt_decor_arrowhead, uniq_pikel
D:5:      kennysheep_spiral_hall, layout_rooms, serial_shops,
          nicolae_square_shop, st_stairs_14, nicolae_shop_clearance, uniq_ijyb

Skill      XL: | |
---------------+-+-----
Stealth        | |  9.5
Fighting       | |  6.5
Short Blades   | |  0.7
Long Blades    | |  0.7
Axes           | |  4.5
Maces & Flails | |  0.7
Polearms       | |  0.7
Staves         | |  0.7
Slings         | |  0.7
Bows           | |  0.7
Crossbows      | |  0.7
Throwing       | |  0.7
Armour         | |  0.7
Dodging        | |  4.5
Shields        | |  0.7
Unarmed Combat | |  0.7
Spellcasting   | |  0.7
Conjurations   | |  0.5
Hexes          | |  0.5
Summonings     | |  0.5
Necromancy     | |  0.5
Translocations | |  0.5
Transmutations | |  0.5
Fire Magic     | |  0.5
Ice Magic      | |  0.5
Air Magic      | |  0.5
Earth Magic    | |  0.5
Poison Magic   | |  0.5
Invocations    | |  0.9
Evocations     | |  0.7

Action                   || total
-------------------------++-------
Melee: Hand axe          ||    38
       Bite              ||     4
  Use: Scroll            ||     2
       Potion            ||     1
 Stab: Sleeping          ||     2
Armor: Leather armour    ||    13
Dodge: Dodged            ||    30

Table legend: (Time is in decaauts)
 A = Elapsed time spent in this place.
 B = Non-inter-level travel time spent in this place.
 C = Inter-level travel time spent in this place.
 D = Time resting spent in this place.
 E = Time spent auto-exploring this place.
 F = Levels seen in this place.
 G = Mean time per level.
                   A        B        C        D        E       F      G
               +--------+--------+--------+--------+--------+-----+--------+
         Total |    396 |    396 |      0 |    207 |     52 |   4 |   99.0 |
       Dungeon |    396 |    396 |      0 |    207 |     52 |   4 |   99.0 |
               +--------+--------+--------+--------+--------+-----+--------+

Top non-repeatable levels by time:
     D:3: 208 daAuts
     D:5: 177 daAuts
     D:4: 6 daAuts
     D:2: 3 daAuts
